 Dungeon Crawl Stone Soup version 0.31-a0-365-gcf821cafb2 (webtiles) character file.

Game seed: 5812834226499932347

26927 lunkers the Black Belt (level 14, -7/99 HPs)
             Began as a Meteoran Shapeshifter on July 26, 2023.
             Was a High Priest of Okawaru.
             Mangled by an anaconda simulacrum (14 damage)
             ... in an ice cave on July 27, 2023.
             The game lasted 00:32:35 (7524 turns).

lunkers the Black Belt (Meteoran Shapeshifter)      Turns: 7524, Time: 00:32:35

Health: -7/99      AC:  9    Str: 22    XL:     14   Next: 0%
Magic:  0/30       EV: 16    Int:  9    God:    Okawaru [*****.]
Gold:   1181       SH:  0    Dex: 21    Spells: 13/13 levels left

rFire   + .          .
                       - Unarmed
rCold   . . .        n - melded orb {light}
rNeg    . . .        a - melded +5 scale mail
rPois   .            (helmet currently unavailable)
rElec   .            (cloak currently unavailable)
rCorr   .            (gloves currently unavailable)
SInv    .            (boots currently unavailable)
Will    +....        o - amulet of guardian spirit
Stlth   +            F - ring of protection from fire
HPRegen 0.36/turn    q - ring of magical power
MPRegen 0.22/turn

%: guardian spirit
@: snake-form, slowed, glowing, constricted, very slow
A: constrict, reduced hp, large, sense surroundings 2, otherworldly, glowing,
explore regen
a: Begin Untransformation, Renounce Religion, Heroism, Finesse, Duel


You were in an ice cave.
You worshipped Okawaru.
Okawaru was extremely pleased with you.
You were an enormous anaconda.
You visited 3 branches of the dungeon, and saw 18 of its levels.
You also visited: Sewer, Ossuary and Ice Cave.

You collected 1181 gold pieces.

Inventory:

Missiles
 C - 3 curare-tipped darts
Armour
 a - a +5 scale mail (melded)
 j - a +0 helmet
 n - an orb of light (melded)
 r - a +0 pair of boots
 A - a +0 troll leather armour
 B - a +0 cloak
 E - a +1 pair of gloves
 H - a +0 buckler
Jewellery
 f - an amulet of reflection
 g - a ring of positive energy
 l - a +6 ring of strength
 o - an amulet of guardian spirit (around neck)
 q - a ring of magical power (right hand)
 y - an amulet of regeneration
 F - a ring of protection from fire (left hand)
 I - a ring of see invisible
Talismans
 c - a beast talisman
 J - a maw talisman
 P - a serpent talisman
Wands
 m - a wand of iceblast (14)
 D - a wand of flame (40)
 M - a wand of mindburst (17)
 R - a wand of quicksilver (4)
 U - a wand of polymorph (3)
Scrolls
 p - 6 scrolls of identify
 s - 7 scrolls of teleportation
 v - 3 scrolls of blinking
 G - 2 scrolls of enchant weapon
 K - 3 scrolls of amnesia
 N - a scroll of fear
 O - a scroll of silence {unknown}
 Q - a scroll of butterflies {unknown}
 S - a scroll of revelation
Potions
 d - 5 potions of mutation
 e - 8 potions of enlightenment
 h - 5 potions of haste
 i - 7 potions of curing
 k - a potion of berserk rage
 t - 3 potions of brilliance
 u - 2 potions of attraction
 w - a potion of lignification
 x - 3 potions of might
 z - a potion of ambrosia
 L - 2 potions of cancellation
 T - 2 potions of resistance {unknown}
 V - a potion of heal wounds
Miscellaneous
 b - a lightning rod (4/4)


   Skills:
 + Level 12.0 Fighting
 + Level 13.1 Dodging
 + Level 17.1 Unarmed Combat
 - Level 8.0 Invocations
 * Level 5.5 Shapeshifting


You had 13 spell levels left.
You didn't know any spells.
Your spell library contained the following spells:

 Spells                   Type           Power      Damage    Failure   Level
 Apportation              Tloc           0%         N/A       38%         1
 Magic Dart               Conj           0%         1d3       38%         1
 Sting                    Tmut/Pois      0%         1d3       38%         1
 Blink                    Tloc           0%         N/A       52%         2
 Lesser Beckoning         Tloc           0%         N/A       52%         2
 Momentum Strike          Conj/Tloc      0%         3d8       52%         2
 Poisonous Vapours        Pois/Air       0%         N/A       52%         2
 Searing Ray              Conj           0%         2d4       52%         2
 Anguish                  Hex/Necr       0%         N/A       99%         4
 Cause Fear               Hex            0%         N/A       99%         4
 Fulminant Prism          Conj/Hex       0%         3d5       99%         4
 Olgreb's Toxic Radiance  Pois           0%         N/A       99%         4
 Alistair's Intoxication  Tmut/Pois      0%         N/A       100%        5
 Enfeeble                 Hex            0%         N/A       100%        7


Dungeon Overview and Level Annotations

Branches:
Dungeon (12/15) Zot: 2571  Temple (1/1) D:6 Zot: 569    Lair (5/5) D:11 Zot: 1220
  Swamp (0/4) Lair:2       Spider (0/4) Lair:2          Orc (0/2) D:11
  Sewer (visited)         Ossuary (visited)           IceCv (1/1) Zot: 452
  Slime: Lair:4-5

Altars:
Ashenzari
Cheibriados
Dithmenos
Elyvilon
Fedhas
Gozag
Hepliaklqana
Kikubaaqudgha
Makhleb
Nemelex Xobeh
Okawaru
Qazlal
Ru
Sif Muna
Trog
Uskayaw
Vehumet
Wu Jian
Xom
The Shining One

Portals:
Trove: D:11 (give +3 shadow dragon scales)

Annotations:
D:7 2 transporters, Pokonic1's ghost, novice DrSh
D:10 3 runed translucent doors, hashsling's ghost, journeyman GrFi


Innate Abilities, Weirdness & Mutations

You are an enormous anaconda.
You have a powerful constriction melee attack.
Your maximum health is decreased, since you lack skill for your form.
Your armour is entirely melded.
You are incapable of wielding weapons or throwing items.
You passively map the area around you.
You are easily found by Zot.
You glow in the dark.
You regain HP and MP as you explore.


Message History

The polar bear simulacrum vaporises!
Okawaru accepts your kill.
You feel yourself speed up.
A two-headed ogre simulacrum comes into view.
You hit the two-headed ogre simulacrum.
You grab the two-headed ogre simulacrum.
The two-headed ogre simulacrum is lightly damaged.
You constrict the two-headed ogre simulacrum.
The two-headed ogre simulacrum barely misses you.
The two-headed ogre simulacrum hits you but does no damage.
You hit the two-headed ogre simulacrum.
The two-headed ogre simulacrum is moderately damaged.
You constrict the two-headed ogre simulacrum.
Unknown command.
You crush the two-headed ogre simulacrum!!!
The two-headed ogre simulacrum vaporises!
Okawaru accepts your kill.
Really slither into that cloud of freezing vapour?
Okay, then.
A wolf simulacrum, an elephant simulacrum and an anaconda simulacrum come into view.
The anaconda simulacrum grabs you.
The anaconda simulacrum barely misses you.
The anaconda simulacrum constricts you.
* * * LOW HITPOINT WARNING * * *
You barely miss the anaconda simulacrum.
Your grab misses the anaconda simulacrum.
The anaconda simulacrum bites you.
* * * LOW HITPOINT WARNING * * *
The anaconda simulacrum freezes you!!
You feel yourself slow down.
* * * LOW MAGIC WARNING * * *
* * * LOW HITPOINT WARNING * * *
The anaconda simulacrum constricts you.
You lash the anaconda simulacrum!
Your grab misses the anaconda simulacrum.
The anaconda simulacrum is heavily damaged.
The wolf simulacrum closely misses you. The anaconda simulacrum bites you.
* * * LOW HITPOINT WARNING * * *
The anaconda simulacrum freezes you!!
* * * LOW MAGIC WARNING * * *
You die...

..#..####
#.#.#*,☼..#,
.#..⌠...##.##.##...#
# *. *
#.##.....##,#....#
.# .. ##[##.##..#
#.#### #.*..#
########.#.#.## #.
...# ##.###..#..#.##
.#Z..
#....#..###...##..#
* ##......##
#.#.#Z.# ##..###...#
###.SZ## #..## ##.##
##.## ...####### ###
..###.#∩# .###....#
.#......# ......∩##
...##### ####


You could see an anaconda simulacrum, a wolf simulacrum and an elephant
simulacrum.

Vanquished Creatures
  Gastronok (Lair:3)
  3 hydras
  A boulder beetle (Lair:1)
  2 catoblepae
  2 two-headed ogres
  2 skysharks
  A manticore (D:11)
  4 black mambas
  7 cane toads
  A dire elephant skeleton (Lair:5)
  4 komodo dragons
  2 rime drakes
  3 polar bears
  3 trolls (D:11)
  A hornet (D:7)
  4 dream sheep (Lair:3)
  7 blink frogs
  3 jumping spiders (Lair:2)
  18 yaks
  Sigmund (D:6)
  3 wyverns
  A wraith (D:11)
  3 basilisks
  A death yak simulacrum (Lair:5)
  6 vampire mosquitoes
  Menkaure (D:7)
  2 hydra simulacra (IceCv)
  10 water moccasins
  3 black bears
  An orc warrior (D:6)
  3 sky beasts
  2 ogres
  4 wolves (Lair:5)
  A centaur (D:9)
  4 elf zombies (Ossuary)
  9 bullfrogs
  3 kobold brigands
  4 two-headed ogre simulacra (IceCv)
  A gnoll sergeant (D:9)
  2 cane toad simulacra
  2 scorpions
  3 wights (D:6)
  2 electric eels (D:8)
  2 centaur zombies (Ossuary)
  3 howler monkeys
  4 hounds
  2 human zombies (Ossuary)
  9 orc priests
  4 iguanas
  A jelly (D:6)
  9 orc wizards
  A sickly merfolk siren (Sewer)
  3 troll simulacra (IceCv)
  A malarious merfolk avatar (Sewer)
  4 polar bear simulacra
  3 spriggan simulacra (IceCv)
  A wolf simulacrum (Lair:5)
  2 mummies (Ossuary)
  7 gnolls
  5 river rats (Sewer)
  3 adders
  2 naga simulacra (IceCv)
  5 white imps
  A worm (D:3)
  2 dart slugs
  42 orcs
  4 bats
  6 endoplasms
  3 giant cockroaches
  A goblin (D:2)
  6 hobgoblins
  2 jackals (D:5)
  11 kobolds
  4 quokkas
  12 ball pythons
  4 frilled lizards
  2 goblin zombies (Ossuary)
  7 hobgoblin zombies (Ossuary)
  12 kobold zombies (Ossuary)
  7 orc zombies (Ossuary)
  20 rats
  A rat zombie (Ossuary)
359 creatures vanquished.

Notes
Turn   | Place    | Note
-------+----------+-------------------------------------------
     0 | D:1      | lunkers the Meteoran Shapeshifter began the quest for the
                  | Orb.
     0 | D:1      | Reached XP level 1. HP: 16/16 MP: 2/2
    53 | D:1      | Reached skill level 4 in Unarmed Combat
    53 | D:1      | Reached XP level 2. HP: 17/23 MP: 3/3
   233 | D:1      | Reached XP level 3. HP: 26/28 MP: 4/4
   402 | D:2      | Reached skill level 5 in Unarmed Combat
   570 | D:3      | Found a glowing drain.
   576 | D:3      | Reached XP level 4. HP: 35/35 MP: 5/5
   588 | Sewer    | Entered a sewer
   669 | Sewer    | Reached skill level 6 in Unarmed Combat
   685 | Sewer    | Reached XP level 5. HP: 40/40 MP: 6/6
   770 | Sewer    | Upgraded the game from 0.31-a0-360-gb3e1d13bf4 to
                  | 0.31-a0-365-gcf821cafb2
   789 | Sewer    | Reached skill level 7 in Unarmed Combat
   804 | Sewer    | Reached XP level 6. HP: 43/47 MP: 7/7
  1130 | D:3      | Reached skill level 8 in Unarmed Combat
  1339 | D:4      | Found a sand-covered staircase.
  1356 | Ossuary  | Entered an ossuary
  1464 | Ossuary  | Reached XP level 7. HP: 32/52 MP: 8/8
  1489 | Ossuary  | Reached skill level 9 in Unarmed Combat
  1563 | Ossuary  | Reached skill level 10 in Unarmed Combat
  1563 | Ossuary  | Reached XP level 8. HP: 29/59 MP: 9/9
  1840 | D:4      | Reached skill level 11 in Unarmed Combat
  1909 | D:5      | Entered Level 5 of the Dungeon
  2009 | D:5      | Reached skill level 12 in Unarmed Combat
  2101 | D:5      | Found a stormy altar of Qazlal.
  2142 | D:5      | Found a large runed translucent door.
  2142 | D:5      | Found a large runed translucent door.
  2146 | D:5      | Found a shimmering altar of Xom.
  2156 | D:5      | Gained mutation: You passively map the area around you.
                  | [Meteoran growth]
  2156 | D:5      | Reached XP level 9. HP: 46/66 MP: 10/10
  2161 | D:5      | Identified the +3 short sword "Undertaker" {chaos, rElec}
  2690 | D:6      | Noticed Sigmund
  2699 | D:6      | Killed Sigmund
  2822 | D:6      | Reached skill level 5 in Dodging
  2962 | D:6      | Found a staircase to the Ecumenical Temple.
  2968 | Temple   | Entered the Ecumenical Temple
  2983 | Temple   | Became a worshipper of Warmaster Okawaru
  3321 | D:7      | Reached skill level 1 in Invocations
  3401 | D:7      | Reached skill level 13 in Unarmed Combat
  3401 | D:7      | Reached XP level 10. HP: 80/80 MP: 12/12
  3431 | D:7      | Reached * piety under Okawaru
  3553 | D:7      | Found a transporter.
  3557 | D:7      | Noticed Pokonic1's ghost (novice DrSh)
  3564 | D:7      | Reached skill level 5 in Fighting
  3587 | D:7      | Found a sparkling altar of Nemelex Xobeh.
  3651 | D:7      | Found a transporter.
  3724 | D:7      | Noticed Menkaure
  3730 | D:7      | Killed Menkaure
  3844 | D:8      | Reached ** piety under Okawaru
  4156 | D:9      | Noticed a two-headed ogre
  4159 | D:9      | You fall into a shaft and drop 1 floor!
  4159 | D:10     | Entered Level 10 of the Dungeon
  4231 | D:10     | Reached skill level 14 in Unarmed Combat
  4231 | D:10     | Reached XP level 11. HP: 61/92 MP: 15/15
  4241 | D:9      | Found a hazy altar of Hepliaklqana.
  4500 | D:9      | Killed a two-headed ogre
  4558 | D:10     | Found a runed translucent gate.
  4558 | D:10     | Found a runed translucent gate.
  4558 | D:10     | Found a runed translucent gate.
  4612 | D:10     | Noticed a two-headed ogre
  4621 | D:10     | Killed a two-headed ogre
  4621 | D:10     | Reached *** piety under Okawaru
  4682 | D:10     | Found a shimmering blue altar of Sif Muna.
  4720 | D:10     | Reached **** piety under Okawaru
  4762 | D:10     | Found a white marble altar of Elyvilon.
  4788 | D:10     | Noticed hashsling's ghost (journeyman GrFi)
  4880 | D:11     | Noticed a manticore
  4881 | D:11     | Found a staircase to the Lair.
  4912 | D:11     | Killed a manticore
  4950 | D:11     | Found a portal to a secret trove of treasure.
  5008 | D:11     | Reached skill level 5 in Invocations
  5325 | D:11     | Reached skill level 15 in Unarmed Combat
  5485 | Lair:1   | Entered Level 1 of the Lair of Beasts
  5515 | Lair:1   | Reached skill level 10 in Dodging
  5515 | Lair:1   | Reached XP level 12. HP: 100/104 MP: 17/17
  5529 | Lair:1   | Reached ***** piety under Okawaru
  5578 | Lair:1   | Noticed a catoblepas
  5586 | Lair:1   | Killed a catoblepas
  5776 | Lair:1   | Received a gift from Okawaru
  5810 | Lair:1   | Noticed a boulder beetle
  5826 | Lair:1   | Killed a boulder beetle
  6004 | Lair:2   | Found a hole to the Spider Nest.
  6027 | Lair:2   | Reached skill level 10 in Fighting
  6030 | Lair:2   | HP: 5/106 [jumping spider (12)]
  6222 | Lair:3   | Noticed Gastronok
  6243 | Lair:3   | Killed Gastronok
  6306 | Lair:3   | Noticed a skyshark
  6309 | Lair:3   | Reached skill level 16 in Unarmed Combat
  6323 | Lair:3   | Killed a skyshark
  6324 | Lair:3   | Reached XP level 13. HP: 77/114 MP: 19/20
  6665 | Lair:4   | Received a gift from Okawaru
  6728 | Lair:4   | Noticed a four-headed hydra
  6731 | Lair:4   | Noticed a catoblepas
  6733 | Lair:4   | Killed a four-headed hydra
  6738 | Lair:4   | Killed a catoblepas
  7071 | Lair:5   | Entered Level 5 of the Lair of Beasts
  7086 | Lair:5   | Noticed a dire elephant
  7086 | Lair:5   | Noticed a dire elephant
  7087 | Lair:5   | Noticed a dire elephant
  7213 | Lair:5   | Noticed a seven-headed hydra
  7227 | Lair:5   | Reached skill level 17 in Unarmed Combat
  7229 | Lair:5   | Noticed a four-headed hydra
  7231 | Lair:5   | Killed a seven-headed hydra
  7232 | Lair:5   | Reached skill level 5 in Shapeshifting
  7241 | Lair:5   | Killed a four-headed hydra
  7241 | Lair:5   | Received a gift from Okawaru
  7336 | Lair:5   | Found a frozen archway.
  7367 | IceCv    | Entered an ice cave
  7491 | IceCv    | Reached XP level 14. HP: 25/126 MP: 10/21
  7524 | IceCv    | Mangled by an anaconda simulacrum

Illustrated notes

Levels and vault maps discovered:
D:1:      psy_arrival_basics, layout_rooms, chequers_serial_rivers_small_a
D:2:      layout_basic, uniq_natasha
D:3:      layout_loops_ring, cheibrodos_sewer_entry_drain,
          ebering_ecumenical_altar_mist, grunt_decor_mini_mirrors
D:4:      layout_loops_ring, mainiacjoe_overflow_divided_tiny,
          nicolae_ossuary_entry_monument
D:5:      due_chaos_kobolds, layout_loops_ring, lemuel_crystal_altar
D:6:      layout_loops_corners, minmay_temple_entry_enclosed_plants,
          corner_web_ring, chequers_serial_rivers_micro_e, uniq_sigmund
D:7:      layout_loops_cross, mainiacjoe_overflow_24_doors,
          gammafunk_ghost_stat_death, uniq_menkaure
D:8:      kennysheep_kobold_camp, layout_basic, zin_purify,
          nicolae_concentric_dashed_squares_wild, dk_noncrumbling_3,
          uniq_maurice
D:9:      layout_layer_cave, mainiacjoe_overflow_paths
D:10:     layout_irregular_city, overflow_temple_1_default,
          nicolae_sif_muna_little_library, gammafunk_ghost_necromancy
D:11:     layout_stronghold, david_lair_generic, david_orc_4, enter_trove_6
D:12:     layout_cross, serial_shops, nicolae_shop_mannequins, uniq_erolcha
Temple:   eino_narrow_crystal_temple
Lair:1:   layout_gridlike
Lair:2:   layout_roguey, palyth_hydra_swamp_entry,
          nicolae_spider_entry_tight_spaces, chequers_serial_rivers_small_3,
          lemuel_fruit_tree, grunt_megastairs_2, infiniplex_staircase_pool,
          serial_bayou_shore_b
Lair:3:   layout_long_grid, uniq_gastronok
Lair:4:   layout_cave_pods
Lair:5:   due_jungle_book, layout_misc_corridors, slime_entry_2,
          portal_ice_cave_entry_ice_simulacra, grunt_megastairs_4,
          infiniplex_staircase_pool_2, lemuel_fruit_fields
IceCv:    ice_cave_caverns_03

Skill      XL: |  1  2  3  4  5  6  7  8  9 10 11 12 13 |
---------------+----------------------------------------+-----
Unarmed Combat | 4 5 6 7 8 10 12 13 14 15 16 17 | 17.1
Fighting       | 4 7 9 10 12 | 12.0
Dodging        | 5 8 10 11 13 | 13.1
Invocations    | 1 4 5 8 |  8.0
Shapeshifting  | 5 |  5.5

Action                     |  1- 3 |  4- 6 |  7- 9 | 10-12 | 13-15 || total
---------------------------+-------+-------+-------+-------+-------++-------
  Melee: Unarmed           |    66 |   146 |   270 |   420 |   202 ||  1104
         Constrict         |       |       |       |       |    26 ||    26
 Invoke: Heroism           |       |       |       |     4 |     2 ||     6
  Evoke: Wand              |       |       |       |     2 |       ||     2
    Use: Scroll            |       |     8 |     6 |     7 |       ||    21
         Potion            |       |     1 |       |     2 |       ||     3
 Armour: Animal skin       |    17 |       |       |       |       ||    17
         Scale mail        |     6 |    29 |    56 |   120 |    17 ||   228
         Skin              |       |    13 |       |       |    19 ||    32
  Dodge: Dodged            |    25 |    37 |    85 |   268 |   122 ||   537
   Form: Beast             |       |       |       |     1 |       ||     1
         Maw               |       |       |       |     1 |       ||     1
         Anaconda          |       |       |       |       |     1 ||     1

Table legend: (Time is in decaauts)
 A = Elapsed time spent in this place.
 B = Non-inter-level travel time spent in this place.
 C = Inter-level travel time spent in this place.
 D = Time resting spent in this place.
 E = Time spent auto-exploring this place.
 F = Levels seen in this place.
 G = Mean time per level.
                   A        B        C        D        E       F      G
               +--------+--------+--------+--------+--------+-----+--------+
         Total |   7331 |   7055 |    276 |    138 |   3576 |  21 |  349.1 |
       Dungeon |   4628 |   4399 |    229 |    100 |   2530 |  12 |  385.7 |
        Temple |     30 |     30 |      0 |      0 |      0 |   1 |   30.0 |
          Lair |   1779 |   1732 |     47 |      0 |    849 |   5 |  355.8 |
         Sewer |    483 |    483 |      0 |     38 |    148 |   1 |  483.0 |
       Ossuary |    262 |    262 |      0 |      0 |     14 |   1 |  262.0 |
      Ice Cave |    146 |    146 |      0 |      0 |     34 |   1 |  146.0 |
               +--------+--------+--------+--------+--------+-----+--------+

Top non-repeatable levels by time:
     D:6: 720 daAuts
    D:11: 660 daAuts
     D:5: 568 daAuts
  Lair:4: 552 daAuts
     D:9: 499 daAuts
   Sewer: 483 daAuts
     D:7: 432 daAuts
  Lair:3: 395 daAuts
  Lair:1: 390 daAuts
     D:4: 379 daAuts
    D:10: 335 daAuts
     D:3: 318 daAuts
     D:2: 275 daAuts
  Lair:5: 274 daAuts
     D:1: 263 daAuts
